Cogmind - Beta 15 @@@ ROGUE MODE // 2025.07.23 @ 02:46:38 Player: Alex Result: Destroyed by G-47 Trooper with Particle Gun Performance ------------- Evolutions (2) 1000 Regions Visited (5) 1000 Robots Destroyed (15) 75 Value Destroyed (520) 520 Prototype IDs (0) 0 Alien Tech Used (0) 0 Bonus (300) 300 TOTAL SCORE: 2895 Bonus ------- Aligned with FarCom 300 Cogmind --------- Core Integrity 0/550 Matter 172/300 Energy 271/300 System Corruption 0% Temperature Cool (9) Movement Core (400) Ox7 Location -8/Materials Parts ------- > --- POWER (2) -------- (None) > --- PROPULSION (2) --- (None) > --- UTILITY (4) ------ Large Storage Unit Compact Battery Terrain Scan Processor > --- WEAPON (3) ------- EM Pulse Gun > --- INVENTORY (15) --- Fission Core Fission Core Fission Core Wheel Peak State ------------ > --- POWER ------------ Ion Engine Light Ion Engine > --- PROPULSION ------- Compact Wheel Armored Wheel > --- UTILITY ---------- Large Storage Unit Weight Redist. System Terrain Scan Processor Hacking Suite > --- WEAPON ----------- Minigun Shock Bomb Launcher Shock Bomb Launcher > --- INVENTORY -------- Fission Core Fission Core Fission Core Aluminum Leg Aluminum Leg Wheel Compact Battery EM Pulse Gun Assault Rifle Shock Bomb Launcher Shock Bomb Launcher [Rating: 24] Favorites ----------- Power Ion Engine Engine Ion Engine Propulsion Compact Wheel Leg Aluminum Leg Wheel Compact Wheel Utility Large Storage Unit Device Weight Redist. System Storage Large Storage Unit Processor Terrain Scan Processor Hackware Hacking Suite Protection Light Armor Plating Weapon EM Pulse Gun Energy Gun EM Pulse Gun Ballistic Gun Assault Rifle Launcher Shock Bomb Launcher Build | -11 -10 -10 -10 -9 -8 ------- Run | Yrd Mat Min Exi Min Mat Slots Evolved 4 | . . . . . 4 Power 1 | . . . . . 1 Propulsion . | . . . . . . Utility 2 | . . . . . 2 Weapon 1 | . . . . . 1 Parts Attached 22 | 6 . 1 2 2 11 Power 2 | 1 . . 1 . . Engine 2 | 1 . . 1 . . Core . | . . . . . . Reactor . | . . . . . . Propulsion 5 | 2 . . . 1 2 Treads . | . . . . . . Leg 2 | . . . . . 2 Wheel 3 | 2 . . . 1 . Hover . | . . . . . . Flight . | . . . . . . Utility 7 | 1 . . 1 1 4 Device 1 | . . . . . 1 Storage 3 | 1 . . 1 . 1 Processor 1 | . . . . 1 . Hackware 1 | . . . . . 1 Protection 1 | . . . . . 1 Artifact . | . . . . . . Weapon 8 | 2 . 1 . . 5 Energy Gun 2 | 1 . 1 . . . Energy Cannon . | . . . . . . Ballistic Gun 2 | 1 . . . . 1 Ballistic Cannon . | . . . . . . Launcher 4 | . . . . . 4 Special Weapon . | . . . . . . Impact Weapon . | . . . . . . Slashing Weapon . | . . . . . . Piercing Weapon . | . . . . . . Special Melee Weapon . | . . . . . . Unidentified Prototypes . | . . . . . . Parts Lost 15 | . . 1 . . 14 Power 2 | . . . . . 2 Propulsion 4 | . . . . . 4 Utility 2 | . . . . . 2 Weapon 7 | . . 1 . . 6 Highest Loss Streak 5 | . . 1 . . 5 To Critical Strikes . | . . . . . . Average Backups 6 | 1 4 3 5 6 9 Power 3 | . 1 1 3 4 3 Propulsion 2 | . 2 2 2 2 2 Utility . | . . . . . . Weapon 1 | . 1 . . . 3 Tool/Special . | . . . . . . Unused Backups 3 | . . . . . 3 Power 3 | . . . . . 3 Propulsion . | . . . . . . Utility . | . . . . . . Weapon . | . . . . . . Tool/Special . | . . . . . . Average Slot Usage (%) 79 | . 85 85 84 87 68 Engine 10 | . 14 14 13 14 6 Wheel 22 | . 28 28 28 28 11 Device 1 | . . . . . 3 Storage 13 | . 14 14 14 14 12 Processor 3 | . . . . 2 9 Hackware 1 | . . . . . 3 Energy Gun 10 | . 14 14 14 14 3 Ballistic Gun 11 | . 14 14 14 14 5 Launcher 3 | . . . . . 11 Peak Build Rating 24 | 6 6 6 8 10 24 Average Rating 10 | 4 6 5 6 7 16 On Entrance 5 | . 6 6 6 7 10 Naked Turns . | . . . . . . Heaviest Build 43 | 11 11 12 29 29 43 Greatest Support 34 | 26 26 26 26 28 34 Greatest Overweight (x) 11 | . . . 1 1 11 Average Overweight (x) . | . . . . 1 1 Largest Inventory Capacity 15 | 8 8 8 15 15 15 Average Capacity 13 | 6 8 8 14 15 15 Most Carried 13 | 4 4 4 7 7 13 Average Carried 6 | 1 4 3 5 6 9 Final Capacity 15 | 8 8 8 15 15 15 Final Carried 7 | 4 4 3 6 7 4 Class Distribution -------------------- 80% | Mutant 19% | Skirmisher Dominant Class ---------------- Mutant | -10/Materials Mutant | -10/Mines Mutant | -10/Exiles Mutant | -9/Mines Skirmisher | -8/Materials Resources | -11 -10 -10 -10 -9 -8 ----------- Run | Yrd Mat Min Exi Min Mat Matter Collected 455 | 117 34 84 95 20 105 Remotely . | . . . . . . Salvage Created 608 | . 52 99 . . 457 Parts 37 | . 5 3 . . 29 Haulers Intercepted . | . . . . . . Recyclers Shooed . | . . . . . . Parts Field Recycled . | . . . . . . Retrieved Matter . | . . . . . . Parts Self-Destructed . | . . . . . . Prevented . | . . . . . . Kills | -11 -10 -10 -10 -9 -8 ------- Run | Yrd Mat Min Exi Min Mat Combat Hostiles Destroyed 13 | . 3 2 . . 8 Guns 9 | . 3 2 . . 4 AOE 4 | . . . . . 4 Classes Destroyed 6 | . 1 1 . . 4 Worker 1 | . . . . . 1 Operator 1 | . . . . . 1 Swarmer 3 | . 3 . . . . Grunt 7 | . . 2 . . 5 Duelist 1 | . . . . . 1 Sentry 2 | . . . . . 2 Best Kill Streak 4 | . 3 2 . . 4 Combat Bots Only 3 | . 3 2 . . 3 Max Kills in Single Turn 2 | . 1 1 . . 2 Gunslinging . | . . . . . . Exploded 1 | . . . . . 1 Melee . | . . . . . . Uniques/NPCs Destroyed . | . . . . . . Combat | -11 -10 -10 -10 -9 -8 -------- Run | Yrd Mat Min Exi Min Mat Hostile Shots Fired 194 | . 12 27 . . 155 Missed 62 | . 5 10 . . 47 Hits 132 | . 7 17 . . 108 Melee 1 | . . . . . 1 Projectile 131 | . 7 17 . . 107 Critical Strikes 6 | . . . . . 6 Damage Taken 2016 | . 49 226 . . 1741 Core 623 | . 7 66 . . 550 Absorbed by Shields . | . . . . . . Core Remaining (%) 85 | 100 . . . 70 . Volleys Fired 44 | . 4 11 . . 29 Largest 2 | . 2 2 . . 2 Hottest 65 | . 60 60 . . 65 Shots Fired 75 | . 8 21 . . 46 Gun 67 | . 8 21 . . 38 Cannon . | . . . . . . Launcher 8 | . . . . . 8 Special . | . . . . . . Kinetic 44 | . 4 11 . . 29 Thermal 11 | . 4 7 . . . Explosive . | . . . . . . Electromagnetic 20 | . . 3 . . 17 Robot Hit Streak 7 | . 2 6 . . 7 Robot Miss Streak 5 | . 2 1 . . 5 Penetration Max . | . . . . . . Secondary Targets 2 | . . . . . 2 Max Gunslinging Chain 1 | . . . . . 1 Shots Hit Robots 46 | . 5 15 . . 26 Core Hits 30 | . 3 5 . . 22 Critical Kills . | . . . . . . Critical Parts Destroyed . | . . . . . . Critical Strikes . | . . . . . . Melee Attacks . | . . . . . . Impact . | . . . . . . Slashing . | . . . . . . Piercing . | . . . . . . Sneak Attacks . | . . . . . . Combat Hostiles . | . . . . . . Follow-up Attacks . | . . . . . . Damage Inflicted 1037 | . 59 227 . . 751 Guns 613 | . 59 185 . . 369 Cannons . | . . . . . . Explosions 422 | . . 42 . . 380 Melee . | . . . . . . Ramming 2 | . . . . . 2 Kinetic 446 | . 37 93 . . 316 Thermal 142 | . 22 97 . . 23 Explosive . | . . . . . . Electromagnetic 447 | . . 37 . . 410 Impact . | . . . . . . Slashing . | . . . . . . Piercing . | . . . . . . Highest Corruption . | . . . . . . Average Corruption . | . . . . . . Corruption Purged . | . . . . . . Corruption Blocked . | . . . . . . Overload Shots . | . . . . . . Overflow Damage 10 | . . . . . 10 Projectiles . | . . . . . . Explosions 10 | . . . . . 10 Melee . | . . . . . . Knockbacks . | . . . . . . Impact . | . . . . . . Kinetic . | . . . . . . Secondary . | . . . . . . Self-Inflicted Damage 95 | . . . . . 95 Shots 4 | . . . . . 4 Rammed 1 | . . . . . 1 Targets Rammed 1 | . . . . . 1 Kicked . | . . . . . . Crushed . | . . . . . . Highest Temperature 104 | . . 104 . . 47 Average Temperature 43 | . . 65 . . 16 Received Heat Transfer 1002 | . . 129 . . 873 Siege Activations . | . . . . . . Martial Activations . | . . . . . . Shielding Activations . | . . . . . . Robots Disrupted . | . . . . . . Combat Hostiles . | . . . . . . Robots Corrupted . | . . . . . . Combat Hostiles . | . . . . . . Parts Fried 2 | . . . . . 2 Impact Corruptions . | . . . . . . Robots Melted . | . . . . . . Combat Hostiles . | . . . . . . Parts Melted . | . . . . . . Heat Transferred 275 | . 50 175 . . 50 Parts Sabotaged . | . . . . . . Parts Stolen . | . . . . . . Parts Stripped . | . . . . . . Power Chain Reactions 3 | . . 1 . . 2 Alert | -11 -10 -10 -10 -9 -8 ------- Run | Yrd Mat Min Exi Min Mat Maximum Alert Level . | . . . . . . Low Security (%) 100 | 100 100 100 . 100 100 Level 1 . | . . . . . . Level 2 . | . . . . . . Level 3 . | . . . . . . Level 4 . | . . . . . . Level 5 . | . . . . . . High Security . | . . . . . . Max Security . | . . . . . . Peak Influence 68 | . 60 53 . . 68 Initial 19 | . . 19 . . . Average 17 | . 18 31 . . 20 Influence Increases 406 | . 70 53 . . 283 Destroy 0b10 Robot/C 260 | . 60 40 . . 160 Destroy 0b10 Robot/NC 10 | . . . . . 10 Destroy Leader 60 | . 10 10 . . 40 Successful Hack 6 | . . . . . 6 Disable Machine 30 | . . . . . 30 Destroy Structure 10 | . . 3 . . 7 Lose Combat Pursuer 30 | . . . . . 30 Influence Decreases 385 | . 20 60 43 . 262 Entered New Map 74 | . . 31 43 . . Time Decay 194 | . 20 20 . . 154 Lost Part 117 | . . 9 . . 108 Squads Dispatched 1 | . . . . . 1 Investigation . | . . . . . . Extermination . | . . . . . . Reinforcement 1 | . . . . . 1 Assault . | . . . . . . Garrison . | . . . . . . Intercept . | . . . . . . Searches Triggered . | . . . . . . Construction Impeded 1 | . . . . . 1 Haulers Reinforced . | . . . . . . Active Scanning Responses . | . . . . . . Cargo Convoy Interrupts . | . . . . . . Stealth | -11 -10 -10 -10 -9 -8 --------- Run | Yrd Mat Min Exi Min Mat Distress Signals 1 | . . . . . 1 Communications Jammed . | . . . . . . Distress Signals . | . . . . . . Times Spotted 19 | . 4 2 . . 13 Peak Tracking Total 4 | . 4 2 . . 4 Tactical Retreats 1 | . . . . . 1 Traps | -11 -10 -10 -10 -9 -8 ------- Run | Yrd Mat Min Exi Min Mat Traps Triggered . | . . . . . . Indirectly . | . . . . . . Trap Hack Attempts . | . . . . . . Triggered . | . . . . . . Disarmed . | . . . . . . Reprogrammed . | . . . . . . Reused . | . . . . . . Traps Extracted . | . . . . . . Installed . | . . . . . . Triggered . | . . . . . . Machines | -11 -10 -10 -10 -9 -8 ---------- Run | Yrd Mat Min Exi Min Mat Machines Disabled 2 | . . . . . 2 Max in Single Turn 1 | . . . . . 1 Machines Repaired . | . . . . . . Machines Dismantled . | . . . . . . Machines Sabotaged . | . . . . . . Overloaded Fab Kills . | . . . . . . Hacking | -11 -10 -10 -10 -9 -8 --------- Run | Yrd Mat Min Exi Min Mat Machines Accessed 6 | . . . 4 . 2 Terminals 2 | . . . . . 2 Fabricators . | . . . . . . Repair Stations . | . . . . . . Recycling Units . | . . . . . . Scanalyzers . | . . . . . . Garrison Access . | . . . . . . Total Hacks 51 | . . . 49 . 2 Successful 51 | . . . 49 . 2 Failed . | . . . . . . Catastrophic . | . . . . . . Database Lockouts . | . . . . . . Manual . | . . . . . . Terminals 2 | . . . . . 2 Fabricators . | . . . . . . Repair Stations . | . . . . . . Recycling Units . | . . . . . . Scanalyzers . | . . . . . . Garrison Access . | . . . . . . Terminal Hacks 51 | . . . 49 . 2 Record 49 | . . . 49 . . Robot Analysis 1 | . . . . . 1 Alert Level 1 | . . . . . 1 Fabricator Hacks . | . . . . . . Repair Station Hacks . | . . . . . . Recycling Unit Hacks . | . . . . . . Scanalyzer . | . . . . . . Garrison Access Hacks . | . . . . . . Unauthorized Hacks . | . . . . . . Terminals . | . . . . . . Fabricators . | . . . . . . Repair Stations . | . . . . . . Recycling Units . | . . . . . . Scanalyzers . | . . . . . . Garrison Access . | . . . . . . Data Cores Recovered 1 | . . . . . 1 Used . | . . . . . . Hacking Detections 1 | . . . . . 1 Full Trace Events . | . . . . . . Feedback Events . | . . . . . . Feedback Blocked . | . . . . . . Robot Schematics Acquired . | . . . . . . Robots Built . | . . . . . . Authchips . | . . . . . . Time . | . . . . . . Total Robot Build Rating . | . . . . . . Part Schematics Acquired . | . . . . . . Parts Built . | . . . . . . Authchips . | . . . . . . Time . | . . . . . . Total Part Build Rating . | . . . . . . Parts Repaired . | . . . . . . Time . | . . . . . . Parts Recycled . | . . . . . . Recycled Matter . | . . . . . . Retrieved Matter . | . . . . . . Retrieved Components . | . . . . . . Parts Scanalyzed . | . . . . . . Part Schematics Acquired . | . . . . . . Parts Damaged . | . . . . . . Bothacking | -11 -10 -10 -10 -9 -8 ------------ Run | Yrd Mat Min Exi Min Mat Used RIF Installer . | . . . . . . Robots Hacked . | . . . . . . Non-combat . | . . . . . . Combat . | . . . . . . Robot Hacks Applied . | . . . . . . Relay Couplers Released . | . . . . . . Fabnet Peak Effective % . | . . . . . . Robots Rewired . | . . . . . . Allies Hacked . | . . . . . . Hacks Repelled . | . . . . . . Allies | -11 -10 -10 -10 -9 -8 -------- Run | Yrd Mat Min Exi Min Mat Total Allies . | . . . . . . Largest Group . | . . . . . . Highest-Rated Group . | . . . . . . Highest-Rated Ally . | . . . . . . Total Orders . | . . . . . . Ally Attacks . | . . . . . . Total Damage . | . . . . . . Kills . | . . . . . . Allies Corrupted . | . . . . . . Allies Melted . | . . . . . . Intel | -11 -10 -10 -10 -9 -8 ------- Run | Yrd Mat Min Exi Min Mat Active Infowar (turns) . | . . . . . . Robot Analysis Total 1 | . . . . . 1 Derelict Logs Recovered . | . . . . . . Drone Launches . | . . . . . . Drone Recoveries . | . . . . . . Exploration | -11 -10 -10 -10 -9 -8 ------------- Run | Yrd Mat Min Exi Min Mat Turns Passed 1472 | 61 61 58 738 59 495 Spaces Moved 1095 | 56 55 28 708 53 195 Core 21 | 4 . . . . 17 Treads . | . . . . . . Legs 13 | . . . . . 13 Wheels 1061 | 52 55 28 708 53 165 Hover . | . . . . . . Flight . | . . . . . . Fastest Speed 50 | 50 90 90 90 105 95 Average Speed 110 | 86 90 90 102 106 157 Slowest Speed 600 | 90 90 90 105 110 600 Overloaded Moves . | . . . . . . Propulsion Burnouts . | . . . . . . Robots Hopped . | . . . . . . Potential Cave-ins . | . . . . . . Cave-ins Triggered . | . . . . . . Exploration Rate (%) 25 | 4 17 5 93 19 17 Regions Visited 5 Branch Regions 3 Pre-discovered Areas 1 | . . . 1 . . Known Exits Taken . | . . . . . . Unknown Exits Taken 5 | 1 1 1 1 1 . Scrap Searched 1 | . . . . 1 . Spaces Dug . | . . . . . . Terrain Destroyed 8 | . . 3 . . 5 Melee . | . . . . . . Projectile . | . . . . . . AOE 8 | . . 3 . . 5 Terrain Rammed . | . . . . . . Walls Destroyed . | . . . . . . Machines Disabled . | . . . . . . Actions | -11 -10 -10 -10 -9 -8 --------- Run | Yrd Mat Min Exi Min Mat Total 1272 | 65 58 39 718 54 338 Wait 88 | . . . . . 88 Move 1090 | 55 54 27 707 52 195 Hop . | . . . . . . Pick Up 11 | 4 . . 3 . 4 Fast Attach 13 | 6 . . 1 1 5 Attach 13 | . . 1 1 . 11 Detach 7 | . . . 2 . 5 Swap 1 | . . . . 1 . Drop 1 | . . . 1 . . Fire 44 | . 4 11 . . 29 Melee . | . . . . . . Ram 1 | . . . . . 1 Kick . | . . . . . . Crush . | . . . . . . Escape Stasis . | . . . . . . Rewire 3 | . . . 3 . . Trap . | . . . . . . Miscellaneous . | . . . . . . Route ------- -11/Scrapyard -10/Materials -10/Mines -10/Exiles (discovered 2 exits: [*Min x2]) -9/Mines -8/Materials History --------- Turn | Location | Event 38 | -11/Scrapyard | Discovered new exit (range 14) 62 | -11/Scrapyard | Entered Materials 90 | -10/Materials | Discovered new exit (range 7) 123 | -10/Materials | Entered Mines 175 | -10/Mines | Deemed a non-threat by the Exiles lab entrance 175 | -10/Mines | Discovered new exit (range 5) 181 | -10/Mines | Entered Exiles 215 | -10/Exiles | Met 8R-AWN 233 | -10/Exiles | Met EX-HEX 301 | -10/Exiles | Build established: Mutant 316 | -10/Exiles | Met EX-DEC 358 | -10/Exiles | Learned location of Zion (-6) 420 | -10/Exiles | Discovered new exit (range 14) 527 | -10/Exiles | Visited The Gauntlet 726 | -10/Exiles | Met EX-BIN 749 | -10/Exiles | Aligned with FarCom system 750 | -10/Exiles | Given EX-Vault access code 900 | -10/Exiles | Discovered new exit (range 14) 919 | -10/Exiles | Entered Mines 943 | -9/Mines | Discovered new exit (range 15) 978 | -9/Mines | Entered Materials 978 | -8/Materials | Evolved 4 slots: Power x1, Utility x2, Weapon x1 1282 | -8/Materials | Core integrity fell below 50% 1322 | -8/Materials | Lost 5 parts (2n1u2w) 1404 | -8/Materials | Core integrity fell below 20% 1473 | -8/Materials | Destroyed by G-47 Trooper with Particle Gun Last Messages --------------- Acquired 72 matter. Shock Bomb Launcher destroyed. Critical hit (Burn: +37). Assault Rifle destroyed. K-01 Serf collects debris. Aluminum Leg destroyed. Minigun destroyed. K-01 Serf collects debris. R-06 Scavenger collects Imp. Heat Sink. K-01 Serf collects debris. R-06 Scavenger collects Particle Gun. K-01 Serf collects debris. R-06 Scavenger collects Particle Gun. K-01 Serf collects debris. R-06 Scavenger collects Lgt. Nuclear Core. K-01 Serf collects debris. Aluminum Leg destroyed. K-01 Serf collects debris. G-47 Trooper destroyed. K-01 Serf collects debris. Map ----- +----------------------------------------------------+ | ?????????????????????????????????????????????????? | | ?????????????????????????????????????????????????? | | ?????????????????????????????????????????????????? | | ?????????????????????????????????????????????????? | | ?????????????????????????????????????????????????? | | ?????????????????????????????????????????????????? | | ?????????????????????????????????????????????????? | | ?????????????????????????????????????????????????? | | ?????????????????????????????????????????????????? | | ?????????????????????????????????????????????????? | | ?????????????????????????????????????????????????? | | ???????????????############??????????????????????? | | ?????????????? ??????????????????????? | | ??????????????? ??????????????????????? | | ??????????????? a ??????????????????????? | | ???????????????# ? ??????????????????????? | | ???????????????# " "??? #?????????????????? | | ???????????????# """^ ""?? #?????????????????? | | ???????????????# ^ """ """ ##?##?????????????? | | ???????????????#u """ """ ??????????? | | ???????????????# "" "" ??????????? | | ???????????????# """ """ ?????????? | | ???????????????#= ^"" "" ?????????? | | ???????????????#% """ ????????? | | ???????????????#% %= %[ " = ^ ????????? | | ???????????????#=*[ g!= @ ????????? | | ???????????????# ! ????????? | | ???????????????# =k###################???????????? | | ???????????????#! #?????????????????????????????? | | ???????######### #?????????????????????????????? | | ???????# / #?????????????????????????????? | | ???????# # #?????????????????????????????? | | ???????# # #?????????????????????????????? | | #??????# ?# #?????????????????????????????? | | #??????#######?# #?????????????????????????????? | | #?##############!! #?????????????????????????????? | | #?# #%[ ##########????????????????????? | | #?# """"" + = # T #????????????????????? | | #?# """"" # # ]]]#????????????????????? | | ### """"" # # #????????????????????? | | # + # # = #????????????????????? | | # ############## # #????????????????????? | | # ############## # """"" #????????????????????? | | + # # """"" #????????????????????? | | # """ + + """"" #????????????????????? | | # """"" # # #????????????????????? | | + """"" # ##########????????????????????? | | ####### """"" =# #?????????????????????????????? | | #????# """ #####?????????????????????????????? | | #????# #?????????????????????????????????? | +----------------------------------------------------+ Best States ------------- Heat Dissipation 31 Energy Generation 15 Energy Capacity 300 Matter Stores 300 Matter Capacity 300 Sight Range 16 Terrain Scan Density 85 Additional Mass Support 6 Armor Coverage 150 Evasion (%) 42 Offensive Hacking 10 Item Schematics ----------------- None Robot Schematics ------------------ None Fabricated ------------ Nothing Repaired ---------- Nothing Alien Tech Used ----------------- None Achievements -------------- None Challenges ------------ None Game ------ Seed ArcChainMultitool Manual? 0 Play Time 00:21:31 Cumulative 5.9 hours Start 2025.07.21 @ 04:01:16 End 2025.07.23 @ 02:46:38 Sessions 5 Manual Loads 0 Difficulty Rogue Special Mode None Game No. 10 Rogue 5 Adventurer 5 Explorer 0 Win Type - Total 0 Types 0/0/0/0/0/0/0/0/0/0 Lore% 9 Gallery% 8 Achievement% 11 Wizard Run 0 Options --------- Layout 0 ASCII 0 Keyboard 1 Movement Arrows Keybinds 0 Fullscreen 1 Font 18/SmallcapsGlow Map View 76x50 Zoom Use 0% Tactical HUD 0 Map Filters NONE Filters NONE Steam 1 RUN: f619de69-9a96-4d23-9907-a6089db3e33b